 Dungeon Crawl Stone Soup version 0.29-a0-330-g52719c12eb (webtiles) character file.

Game seed: 10825171836945828856

49 sking99 the Shooter (level 3, -7/18 HPs)
             Began as a Spriggan Hunter on May 18, 2022.
             Killed by an exploding adder (25 damage)
             ... ignited by their inner flame
             ... on level 2 of the Dungeon.
             The game lasted 00:01:50 (1273 turns).

sking99 the Shooter (Spriggan Hunter)               Turns: 1273, Time: 00:01:51

Health: -7/18      AC:  2    Str:  7    XL:     3   Next: 51%
Magic:  4/4        EV: 18    Int: 10    God:
Gold:   102        SH:  5    Dex: 20    Spells: 2/2 levels left

rFire   . . .      SeeInvis +   a - +1 shortbow
rCold   . . .      Faith    .   (shield currently unavailable)
rNeg    . . .      Spirit   .   b - +0 robe
rPois   .          Reflect  +   (helmet restricted)
rElec   .          Harm     .   (no cloak)
rCorr   .          Rampage  .   (gloves unavailable)
Will    .....                   (boots unavailable)
Stlth   ++........              f - amulet of reflection
HPRegen 0.06/turn               (no ring)
MPRegen 0.09/turn               (no ring)

@: very quick
A: very small, no large weapons, unfitting armour, see invisible, speed 3
a: no special abilities


You were on level 2 of the Dungeon.
You visited 1 branch of the dungeon, and saw 2 of its levels.

You collected 102 gold pieces.

Inventory:

Hand Weapons
 a - a +1 shortbow (weapon)
Missiles
 i - 2 throwing nets
Armour
 b - a +0 robe (worn)
Jewellery
 f - an amulet of reflection (around neck)
 h - an amulet of faith
Scrolls
 c - a scroll of immolation
 g - a scroll of fear {unknown}
Potions
 d - a potion of magic {unknown}
 e - 2 potions of mutation {unknown}
 j - a potion of attraction {unknown}
 k - a potion of curing {unknown}


   Skills:
 + Level 2.1 Fighting
 * Level 5.7 Bows
 + Level 3.4 Dodging
 - Level 1.5 Stealth


You had 2 spell levels left.
You didn't know any spells.
Your spell library contained the following spells:

 Spells                   Type           Power      Damage    Failure   Level
 Static Discharge         Conj/Air       0%         N/A       50%         2
 Lightning Bolt           Conj/Air       0%         1d11      100%        5
 Maxwell's Capacitive Co  Air            0%         ∞         100%        8


Dungeon Overview and Level Annotations

Branches:
Dungeon (2/15)

Altars:


Innate Abilities, Weirdness & Mutations

You are very small and have problems with some larger weapons.
You are too small for most types of armour.
You have supernaturally acute eyesight. (SInv)
You cover ground extremely quickly. (Speed+++)


Message History

The worm is moderately wounded.
You shoot an arrow. The arrow hits the worm.
The worm is heavily wounded.
You shoot an arrow. The arrow hits the worm.
The worm is almost dead.
You shoot an arrow. The arrow hits the worm.
You kill the worm!
A kobold comes into view. It is wielding a +0 dagger.
The kobold shouts!
Your line of fire to the kobold is blocked by a plant.
Continue anyway?
You shoot an arrow. The arrow hits the plant.
The plant begins to die.
The plant is lightly damaged.
You shoot an arrow. The arrow hits the kobold.
You kill the kobold!
No target in view!
A nearby plant withers and dies.
Things that are here:
a +0 dagger; a kobold corpse A bat comes into view.
You shoot an arrow. The arrow hits the bat!
You kill the bat!
Found a ring mail.
No target in view!
You now have 102 gold pieces (gained 11).
An adder comes into view.
Found a clear potion.
You shoot an arrow. The arrow hits the adder.
The adder hisses angrily.
The adder is lightly wounded.
You shoot an arrow. The arrow barely misses the adder.
Really read the scroll of immolation?
As you read the scroll of immolation, it crumbles to dust.
The creatures around you are filled with an inner flame!
You shoot an arrow. The arrow hits the adder.
Flame seeps out of the adder.
The adder is heavily wounded.
The adder is engulfed in blazing flames.
The adder explodes!
The fiery explosion engulfs you!!
Ouch! That really hurt!
You die...

.... .... .....
### ..... #..
...... #..
...!.§###.. ####..
#.§○§#.# #.....
###@#.# #.##..
#...#.##### #.##..
#.###...... #.##..
#.....# .#...<.
###...#
####.######
#...####....##
#............##
#...###.......#
#...###.......####


There were no monsters in sight!

Vanquished Creatures
  A gnoll (D:1)
  2 adders (D:2)
  A worm (D:2)
  3 bats
  4 endoplasms (D:1)
  2 giant cockroaches
  3 goblins (D:1)
  A hobgoblin (D:1)
  3 ball pythons (D:1)
  A frilled lizard (D:1)
  4 kobolds
  5 rats
30 creatures vanquished.

Vanquished Creatures (others)
  A plant (D:2)
1 creature vanquished.

Grand Total: 31 creatures vanquished

Notes
Turn   | Place    | Note
-------+----------+-------------------------------------------
     0 | D:1      | sking99 the Spriggan Hunter began the quest for the Orb.
     0 | D:1      | Reached XP level 1. HP: 10/10 MP: 2/2
   202 | D:1      | Reached skill level 5 in Bows
   202 | D:1      | Reached XP level 2. HP: 15/15 MP: 3/3
   920 | D:1      | Reached XP level 3. HP: 18/18 MP: 4/4
  1223 | D:2      | Found a faded altar of an unknown god.
  1273 | D:2      | Killed by an exploding adder... ignited by their inner
                  | flame

Illustrated notes

Levels and vault maps discovered:
D:1:      wheals_arrival_linesprint, layout_loops_corners,
          nicolae_concentric_dashed_squares_wild, minmay_misc_feat_columns,
          chequers_serial_rivers_large_b
D:2:      layout_basic, dreamdust_ecumenical_altar_grove

Skill      XL: |  1  2 |
---------------+-------+-----
Bows           | 5 |  5.7
Dodging        | 3 |  3.4
Fighting       | 2 |  2.1
Stealth        | |  1.5

Action                   || total
-------------------------++-------
 Fire: Shortbow          ||    64
  Use: Scroll            ||     1
Dodge: Dodged            ||     4
Block: Other             ||     1

Table legend: (Time is in decaauts)
 A = Elapsed time spent in this place.
 B = Non-inter-level travel time spent in this place.
 C = Inter-level travel time spent in this place.
 D = Time resting spent in this place.
 E = Time spent auto-exploring this place.
 F = Levels seen in this place.
 G = Mean time per level.
                   A        B        C        D        E       F      G
               +--------+--------+--------+--------+--------+-----+--------+
         Total |    893 |    889 |      4 |    116 |    621 |   2 |  446.5 |
       Dungeon |    893 |    889 |      4 |    116 |    621 |   2 |  446.5 |
               +--------+--------+--------+--------+--------+-----+--------+

Top non-repeatable levels by time:
     D:1: 790 daAuts
     D:2: 102 daAuts
